 Dungeon Crawl Stone Soup version 0.30.1-11-g7821555f0a (webtiles) character file.

Game seed: 7542368721002984468

17 Peloso the Shield-Bearer (level 2, 29/29 HPs)
             Began as a Minotaur Fighter on Jan 7, 2024.
             Got out of the dungeon alive.
             The game lasted 00:02:09 (617 turns).

Peloso the Shield-Bearer (Minotaur Fighter)          Turns: 617, Time: 00:02:09

Health: 29/29      AC:  7    Str: 20    XL:     2   Next: 44%
Magic:  1/1        EV:  9    Int:  5    God:
Gold:   14         SH:  4    Dex:  7    Spells: 1/1 levels left

rFire   . . .        a - +0 long sword
rCold   . . .        c - +0 buckler
rNeg    . . .        b - +0 scale mail
rPois   .            (helmet restricted)
rElec   .            (no cloak)
rCorr   .            (no gloves)
SInv    .            (no boots)
Will    .....        (no amulet) Stlth
                     (no ring)
HPRegen 0.24/turn    (no ring)
MPRegen 0.07/turn

%: no passive effects
@: no status effects
A: horns 2, retaliatory headbutt, claws 1, clumsy 1, robust 1
a: no special abilities


You escaped.
You visited 1 branch of the dungeon, and saw 1 of its levels.

You collected 14 gold pieces.

Inventory:

Hand Weapons
 a - a +0 long sword (weapon)
Armour
 b - a +0 scale mail (worn)
 c - a +0 buckler (worn)
Scrolls
 e - 2 scrolls of teleportation {unknown}
 f - 2 scrolls of blinking {unknown}
 g - a scroll of immolation {unknown}
 h - a scroll of enchant weapon {unknown}
Potions
 d - a potion of might
 j - 2 potions of brilliance


   Skills:
 + Level 3.8 Fighting
 + Level 2.9 Long Blades
 + Level 3.9 Armour
 + Level 0.1 Stealth
 + Level 3.9 Shields


You had one spell level left.
You didn't know any spells.
Your spell library contained the following spells:

 Spells                   Type           Power      Damage    Failure   Level
 Sting                    Tmut/Pois      0%         1d3       88%         1
 Poisonous Vapours        Pois/Air       0%         N/A       95%         2
 Olgreb's Toxic Radiance  Pois           0%         N/A       100%        4


Dungeon Overview and Level Annotations

Branches:
Dungeon (1/15)

Altars:


Innate Abilities, Weirdness & Mutations

You have a pair of horns on your head.
You reflexively headbutt those who attack you in melee.
You have sharp fingernails.
You are clumsy. (Dex -2)
You are robust. (+10% HP)


Message History

You hit the hobgoblin.
The hobgoblin is severely wounded.
You block the hobgoblin's attack. The hobgoblin hits you.
You hit the hobgoblin but do no damage.
The hobgoblin is severely wounded.
The hobgoblin closely misses you.
You completely miss the hobgoblin.
The hobgoblin is severely wounded.
The hobgoblin closely misses you.
You hit the hobgoblin.
You kill the hobgoblin!
There is an open door here.
f - 2 scrolls labelled UNIQOZOEZO (gained 1) Done exploring.
Done exploring.
Done exploring.
Done exploring.
It was a potion of berserk rage.
A red film seems to cover your vision as you go berserk!
You feel yourself moving faster!
You feel mighty!
You feel a strong urge to attack something.
You feel your anger nearly subside.
You are no longer berserk.
You are exhausted.
You feel yourself slow down.
It was a potion of brilliance.
You feel clever all of a sudden.
There is an open door here.
It was a potion of mutation.
You feel extremely strange.
You feel clumsy.
Your fingernails lengthen.
You feel robust.
(D) Dungeon
Where to? (? - help)
What level of the Dungeon? (default 1, ? - help)
There is a stone staircase leading down here.
You feel yourself speed up.
There is an open door here.
You recover from your berserk rage.
You feel a little less clever now.
There is a staircase leading out of the dungeon here.
Are you sure you want to leave the Dungeon?
This will make you lose the game!
You have escaped!

........# #....#.##....(..
........#♣♣♣♣♣♣♣♣♣.......'.......
........#♣.......♣...>..##.......
...(....#♣.PPPPP.♣##########'####
#########♣.P~~~P.♣ #.# ♣.P~8~P.♣
#.# ♣.P~≈~P.♣ #.####


♣.PPPPP.♣ #..... ♣......@♣ ###### ♣♣♣♣♣.♣♣♣ #..# #.## #.# #.# #.# #.# #.# There
were no monsters in sight!

Vanquished Creatures
  An endoplasm (D:1)
  A giant cockroach (D:1)
  2 goblins (D:1)
  2 hobgoblins (D:1)
  2 quokkas (D:1)
  2 ball pythons (D:1)
  2 frilled lizards (D:1)
  2 kobolds (D:1)
  2 rats (D:1)
16 creatures vanquished.

Notes
Turn   | Place    | Note
-------+----------+-------------------------------------------
     0 | D:1      | Peloso the Minotaur Fighter began the quest for the Orb.
     0 | D:1      | Reached XP level 1. HP: 19/19 MP: 0/0
   306 | D:1      | Reached XP level 2. HP: 26/26 MP: 1/1
   538 | D:1      | Gained mutation: You are clumsy. (Dex -2) [potion of
                  | mutation]
   538 | D:1      | Gained mutation: You have sharp fingernails. [potion of
                  | mutation]
   538 | D:1      | Gained mutation: You are robust. (+10% HP) [potion of
                  | mutation]
   617 | D:$      | Got out of the dungeon alive.

Illustrated notes

Levels and vault maps discovered:
D:1:      tarquinn_simple_flora_water_a, layout_basic

Action                     || total
---------------------------++-------
  Melee: Long sword        ||    38
         Headbutt          ||     3
    Use: Potion            ||     3
 Armour: Scale mail        ||    12
  Dodge: Dodged            ||    24
  Block: Buckler           ||    12
